 Dungeon Crawl Stone Soup version 0.30-a0-748-ge6a52f7cba (webtiles) character file.

Game seed: 11989642531802425555

185 Leeroy the Slasher (level 5, -7/26 HPs)
             Began as a Vine Stalker Warper on Feb 8, 2023.
             Mangled by an ogre
             ... wielding a +0 giant club
              (12 damage)
             ... on level 4 of the Dungeon.
             The game lasted 00:03:10 (2273 turns).

Leeroy the Slasher (Vine Stalker Warper)            Turns: 2273, Time: 00:03:10

Health: -7/26      AC: 12    Str: 20    XL:     5   Next: 64%
Magic:  0/10       EV:  8    Int: 13    God:
Gold:   147        SH:  0    Dex: 15    Spells: 2/10 levels left

rFire   . . .      SeeInvis .    a - +0 falchion
rCold   . . .      Faith    .    (no shield)
rNeg    . . .      Spirit   +    u - +4 chain mail
rPois   .          Reflect  .    (no helmet)
rElec   .          Harm     .    (no cloak)
rCorr   .          Rampage  .    (no gloves)
Will    .....                    (no boots) Stlth
                                 (no amulet)
HPRegen 1.04/turn                g - +6 ring of strength
MPRegen 0.12/turn                (no ring)

@: no status effects
A: fangs 2, regeneration 1, magic shield, antimagic bite, no potion heal 2
a: no special abilities


You were on level 4 of the Dungeon.
You visited 1 branch of the dungeon, and saw 4 of its levels.

You collected 147 gold pieces.

Inventory:

Hand Weapons
 a - a +0 falchion (weapon)
Missiles
 d - 7 boomerangs of dispersal (quivered)
 h - 6 poisoned darts
Armour
 b - a +0 leather armour
 u - a +4 chain mail (worn)
Jewellery
 g - a +6 ring of strength (left hand)
 p - an amulet of faith
 r - a ring of positive energy
Scrolls
 c - a scroll of blinking
 f - 4 scrolls of teleportation {unknown}
 j - a scroll of enchant armour {unknown}
 k - a scroll of fog {unknown}
 l - 2 scrolls of magic mapping {unknown}
 m - a scroll of enchant weapon {unknown}
 o - a scroll of silence {unknown}
Potions
 e - a potion of berserk rage {unknown}
 i - a potion of haste {unknown}
 n - a potion of curing {unknown}
 q - 2 potions of lignification {unknown}
 s - a potion of attraction {unknown}
 t - a potion of flight {unknown}


   Skills:
 - Level 1.7 Fighting
 - Level 4.6 Long Blades
 - Level 0.8 Throwing
 - Level 0.7 Armour
 - Level 1.7 Dodging
 - Level 1.1 Stealth
 + Level 3.0 Spellcasting
 - Level 3.0 Translocations


You had 2 spell levels left.
You knew the following spells:

 Your Spells              Type           Power      Damage    Failure   Level
a - Blink                 Tloc           18%        N/A       77%         2
b - Vhi's Electric Charg  Tloc/Air       10%        N/A       99%         3
c - Tukima's Dance        Hex            1%         N/A       100%        3

Your spell library contained the following spells:

 Spells                   Type           Power      Damage    Failure   Level
 Lesser Beckoning         Tloc           18%        N/A       77%         2
 Kiss of Death            Conj/Necr      4%         2d5       95%         1
 Teleport Other           Tloc           9%         N/A       94%         3
 Hailstorm                Conj/Ice       1%         3d3       100%        3
 Anguish                  Hex/Necr       0%         N/A       100%        4
 Ice Form                 Ice/Tmut       1%         N/A       100%        4
 Manifold Assault         Tloc           9%         N/A       100%        4
 Passage of Golubria      Tloc           9%         N/A       100%        4
 Yara's Violent Unravell  Hex/Tmut       0%         3d3       100%        5
 Death Channel            Necr           0%         N/A       100%        6
 Simulacrum               Ice/Necr       0%         N/A       100%        6
 Infestation              Necr           0%         N/A       100%        8


Dungeon Overview and Level Annotations

Branches:
Dungeon (4/15)
 Temple: D:4-7

Altars:


Innate Abilities, Weirdness & Mutations

You have extremely sharp teeth.
Your natural rate of healing is unusually fast.
When hurt, damage is shared between your health and your magic reserves.
Your bite disrupts and absorbs the magic of your enemies.
Potions cannot restore your health.


Message History

You bite the ball python.
You kill the ball python!
No target in view!
No target in view!
No target in view!
No target in view!
Found 4 atropa-tipped darts.
An ufetubus comes into view.
The ufetubus shouts!
You hear a shout!
An ogre comes into view. It is wielding a +0 giant club.
The ogre shouts!
A quokka comes into view.
You completely miss the ufetubus. You bite the ufetubus!
You kill the ufetubus!
A goblin comes into view. It is wielding a +0 club.
A hobgoblin comes into view.
Your Spellcasting skill increases to level 3!
A hobgoblin comes into view.
The hobgoblin shouts!
The goblin shouts!
The ogre hits you with a +0 giant club!
You closely miss the ogre. You bite the ogre. You drain its power.
You feel invigorated.
The ogre is lightly wounded.
You barely miss the ogre.
The ogre is lightly wounded.
The ogre closely misses you.
You hit the ogre but do no damage. You bite the ogre. You drain its power.
You feel invigorated.
The ogre is moderately wounded.
The ogre hits you with a +0 giant club!!
Ouch! That really hurt!
* * * LOW HITPOINT WARNING * * *
A necrophage comes into view.
You hit the ogre but do no damage. You bite the ogre. You drain its power.
You feel invigorated.
The ogre is moderately wounded.
You hit the ogre. Your bite misses the ogre.
The ogre is heavily wounded.
The ogre hits you with a +0 giant club!
You die... .#. #.......#... n.. #........... #.# ##.......... ..#. gg.

##.......#... ....
#g####..>.....#... #....
#r##..<........... .....
#O#.[###..........
......#@# #.#...........
#....#.# #.......####..
#..###.......#.##..
..[#...#..........##..
#.......................
.......#.†..##..#####.##
.............#### #.#.
........#.....# ####
######.......## #


You could see an ogre, a necrophage, a quokka, 2 hobgoblins and a goblin.

Vanquished Creatures
  An iguana (D:4)
  5 adders
  2 ufetubi (D:4)
  3 worms
  5 dart slugs
  3 orcs
  5 endoplasms
  A giant cockroach (D:2)
  4 goblins
  4 hobgoblins
  14 jackals
  3 quokkas
  7 ball pythons
  4 bats
  5 frilled lizards
  7 kobolds
  10 rats
83 creatures vanquished.

Notes
Turn   | Place    | Note
-------+----------+-------------------------------------------
     0 | D:1      | Leeroy the Vine Stalker Warper began the quest for the Orb.
     0 | D:1      | Reached XP level 1. HP: 11/11 MP: 4/4
    43 | D:1      | Reached skill level 2 in Long Blades
   211 | D:1      | Reached XP level 2. HP: 6/15 MP: 3/6
   305 | D:1      | Learned a level 2 spell: Blink
   475 | D:1      | Reached skill level 3 in Long Blades
   491 | D:1      | Reached XP level 3. HP: 13/18 MP: 1/7
   875 | D:1      | Found a faded altar of an unknown god.
  1218 | D:2      | Reached skill level 1 in Stealth
  1223 | D:2      | Gained mutation: Your natural rate of healing is unusually
                  | fast. [Vine Stalker growth]
  1223 | D:2      | Reached XP level 4. HP: 13/23 MP: 5/8
  1621 | D:3      | Reached skill level 4 in Long Blades
  1737 | D:3      | Reached XP level 5. HP: 26/26 MP: 9/9
  2055 | D:3      | Got the Anthology of Rot
  2103 | D:3      | Learned a level 3 spell: Vhi's Electric Charge
  2107 | D:3      | Learned a level 3 spell: Tukima's Dance
  2265 | D:4      | Noticed an ogre
  2273 | D:4      | Mangled by an ogre

Illustrated notes

Levels and vault maps discovered:
D:1:      minmay_arrival_glassed_features, layout_basic,
          shapermc_ecumenical_altar_pompeii, st_stairs_9
D:2:      layout_loops_ring
D:3:      layout_rooms
D:4:      minmay_spotlight, layout_cave_pools,
          lemuel_mausoleum_altar_yredelemnul, minmay_misc_feat_square,
          uniq_sigmund

Skill      XL: |  1  2  3  4  5 |
---------------+----------------+-----
Long Blades    | 2 3 4 |  4.6
Stealth        | 1 |  1.1
Spellcasting   | 3 |  3.0
Fighting       | |  1.7
Throwing       | |  0.8
Armour         | |  0.7
Dodging        | |  1.7
Translocations | |  3.0

Action                     |  1- 3 |  4- 6 || total
---------------------------+-------+-------++-------
  Melee: Falchion          |   123 |   111 ||   234
         Bite              |    23 |    37 ||    60
   Stab: Sleeping          |       |     3 ||     3
 Armour: Leather armour    |    41 |    26 ||    67
         Chain mail        |       |     2 ||     2
  Dodge: Dodged            |    80 |    70 ||   150

Table legend: (Time is in decaauts)
 A = Elapsed time spent in this place.
 B = Non-inter-level travel time spent in this place.
 C = Inter-level travel time spent in this place.
 D = Time resting spent in this place.
 E = Time spent auto-exploring this place.
 F = Levels seen in this place.
 G = Mean time per level.
                   A        B        C        D        E       F      G
               +--------+--------+--------+--------+--------+-----+--------+
         Total |   2300 |   2231 |     69 |      0 |   1648 |   4 |  575.0 |
       Dungeon |   2300 |   2231 |     69 |      0 |   1648 |   4 |  575.0 |
               +--------+--------+--------+--------+--------+-----+--------+

Top non-repeatable levels by time:
     D:1: 912 daAuts
     D:2: 723 daAuts
     D:3: 509 daAuts
     D:4: 154 daAuts
